Maple Leafs vs Senateurs

Created - April 4, 2025 at 19:55

Goals
1 2 3 T
Maple Leafs 1 2 1 4
Senateurs 1 0 0 1
Shots
1 2 3 T
Maple Leafs 7 12 5 24
Senateurs 11 7 9 27

1st period

1. Senateurs , Nick Bjugstad 32 (Michael Frolik 28, Alex Iafallo 41) at 6:59
2. Maple Leafs , Andre Burakovsky 20 (Elias Pettersson 26, Evander Kane 35) at 16:30

Penalties :
Brandon Saad (TOR) for Tripping (Minor) at 11:49

2nd period

3. Maple Leafs , Evander Kane 28 (Zach Werenski 50) at 3:12
4. Maple Leafs , Zach Werenski 15 (John Klingberg 23, Kristers Gudlevskis) at 18:54 (PP)

Penalties :
Brendan Guhle (TOR) for Hooking (Minor) at 5:12, Anthony Beauvillier (Ott) for Interference (Minor) at 8:21, Nick Bjugstad (Ott) for Slashing (Minor) at 11:35, Evander Kane (TOR) for High sticking (Minor) at 15:23, Eric Gelinas (Ott) for High sticking (Minor) at 18:06

3rd period

5. Maple Leafs , Brandon Saad 3 (Zach Werenski 51, Aleksi Saarela 1) at 18:28

Penalties :
Pontus Aberg (TOR) for Roughing (Minor) at 6:57, Luke Schenn (TOR) for Delaying the game (Minor) at 16:05

Goalie Stats

Kristers Gudlevskis (TOR), 26 saves from 27 shots - (0.963), W, 31-11-7, 60:00 minutes
Mikko Koskinen (Ott), 20 saves from 24 shots - (0.833), L, 19-6-0, 60:00 minutes

Players Stats for Maple Leafs

Player Name              G  A  P  +/- PIM S  H  SB GA TA FO     MP     PP MP  PK MP  
------------------------------------------------------------------------------------
Aleksi Saarela           0  1  1   1  0   1  2  1  0  0  3/5     9:53   0:00   0:00 
Andre Burakovsky         1  0  1   2  0   6  1  0  0  1  1/1    16:49   2:32   0:00 
Bo Horvat                0  0  0  -1  0   0  3  2  1  0  5/13   20:43   2:29   5:35 
Brandon Saad             1  0  1   1  2   2  2  0  0  0  0/0    11:35   0:03   1:36 
Brendan Guhle            0  0  0   0  2   1  0  2  0  0  0/0    12:32   0:00   0:21 
Elias Pettersson         0  1  1   2  0   1  1  1  1  0  14/26  19:51   2:14   2:56 
Evander Kane             1  1  2   2  2   5  2  0  0  0  1/2    21:39   2:32   4:24 
Haydn Fleury             0  0  0   0  0   0  0  0  0  0  0/0    12:14   0:00   0:30 
Jason Zucker             0  0  0  -1  0   0  1  2  0  1  0/0    17:49   2:14   3:03 
John Klingberg           0  1  1   2  0   0  0  2  2  0  0/0    27:16   2:58   5:51 
Jon Merrill              0  0  0   0  0   0  0  0  0  1  0/0    21:00   1:48   4:04 
Luke Schenn              0  0  0   0  2   1  0  1  1  0  0/0    20:21   1:48   3:13 
Nicholas Baptiste        0  0  0   0  0   2  1  0  1  0  0/0     8:06   0:00   0:00 
Patrice Cormier          0  0  0   0  0   0  0  0  0  0  5/5     8:06   0:00   0:00 
Pontus Aberg             0  0  0  -1  2   0  0  0  0  1  0/0    11:59   0:00   0:00 
Valentin Zykov           0  0  0   0  0   0  1  0  0  0  0/0     8:18   0:00   0:08 
William Nylander         0  0  0   1  0   3  0  1  0  0  0/0    14:33   2:14   2:08 
Zach Werenski            1  2  3   2  0   2  6  1  0  1  0/0    27:16   2:58   5:51 

Players Stats for Senateurs

Player Name              G  A  P  +/- PIM S  H  SB GA TA FO     MP     PP MP  PK MP  
------------------------------------------------------------------------------------
Adam Henrique            0  0  0   0  0   3  0  0  0  0  6/12   18:04   4:26   2:01 
Alex Iafallo             0  1  1   1  0   5  1  0  2  0  0/0    22:44   5:21   2:28 
Anthony Beauvillier      0  0  0  -1  2   0  0  0  0  0  0/0     7:51   0:08   0:00 
Anton Lindholm           0  0  0   0  0   1  1  1  0  0  0/0    10:12   0:00   0:00 
Brendan Smith            0  0  0   0  0   1  0  1  0  1  0/0    10:19   0:00   0:07 
Christoph Bertschy       0  0  0  -1  0   1  0  2  0  0  0/5     7:58   0:00   0:57 
Eric Gelinas             0  0  0  -1  2   1  0  1  1  0  0/0    20:58   3:59   1:29 
Jake Gardiner            0  0  0  -1  0   0  3  0  0  0  0/0    28:22   5:56   3:10 
Jared Cowen              0  0  0  -1  0   1  1  2  0  1  0/0    28:22   5:56   3:10 
Jordan Martinook         0  0  0   0  0   2  1  0  1  1  1/1    17:42   4:26   1:51 
Justin Schultz           0  0  0  -1  0   0  2  1  0  1  0/0    21:06   3:59   1:36 
Michael Frolik           0  1  1   1  0   2  1  0  0  0  0/0    20:16   5:21   0:00 
Nick Bjugstad            1  0  1   1  2   3  2  1  0  0  12/25  21:55   5:21   1:34 
Quinton Howden           0  0  0  -2  0   3  1  0  0  1  3/8    11:49   0:00   0:14 
Richard Panik            0  0  0  -2  0   2  1  1  0  1  0/0    12:08   0:08   0:00 
Riley Sheahan            0  0  0   0  0   1  0  0  0  0  1/1    15:51   4:26   0:00 
Tim Schaller             0  0  0  -1  0   1  2  0  0  0  0/0     8:05   0:08   0:27 
Zachary Sanford          0  0  0  -2  0   0  1  0  1  0  0/0    11:29   0:00   0:00 

3 Stars

1 - Zach Werenski (TOR)
2 - Evander Kane (TOR)
3 - Kristers Gudlevskis (TOR)

Power Play

Maple Leafs - 1 on 3 Attempt(s) - 33.33%
Senateurs - 0 on 5 Attempt(s) - 0.00%

Penalty Kill

Maple Leafs - 5 on 5 Attempt(s) - 100.00% - Score 0 goal in Penalty Kill
Senateurs - 2 on 3 Attempt(s) - 66.67% - Score 0 goal in Penalty Kill

Team Stat

Maple Leafs - Hits : 20 - Faceoff Wins : 29 - Blocked Shots : 13 - Penalty Minutes : 10
Senateurs - Hits : 17 - Faceoff Wins : 23 - Blocked Shots : 10 - Penalty Minutes : 6

Official

Referees : Gord Dwyer and Brian Pochmara
Linesman : Tony Sericolo and Travis Gawryletz

Game Notes

No Game Note

Finance

Level 1 -- Attendance: 5506 (91.77%) -- Ticket Income $550,600
Level 2 -- Attendance: 4991 (99.82%) -- Ticket Income $349,370
Level 3 -- Attendance: 2000 (100.00%) -- Ticket Income $80,000
Level 4 -- Attendance: 4000 (100.00%) -- Ticket Income $120,000
Luxury Box -- Attendance: 1000 (100.00%) -- Ticket Income $200,000
Game was played at the Centre Canadian Tire.
Total Attendance: 17497 (97.21%)
Total Ticket Income: $1,299,970
Other Income: $194,996
Total Income: $1,494,966

Maple Leafs

5 vs 5 Forward 
   Center                   Left Wing                Right Wing               Time % Phy DF OF 
 1 Elias Pettersson         Evander Kane             Andre Burakovsky         40     1   2  2  
 2 Bo Horvat                Jason Zucker             Pontus Aberg             30     1   2  2  
 3 Aleksi Saarela           Brandon Saad             William Nylander         20     1   2  2  
 4 Patrice Cormier          Valentin Zykov           Nicholas Baptiste        10     1   2  2  

5 vs 5 Defense 
   Defense                  Defense                                           Time % Phy DF OF 
 1 Zach Werenski            John Klingberg                                    40     1   2  2  
 2 Jon Merrill              Luke Schenn                                       30     1   2  2  
 3 Haydn Fleury             Brendan Guhle                                     20     1   2  2  
 4 Zach Werenski            John Klingberg                                    10     1   2  2  

PowerPlay Forward 
   Center                   Left Wing                Right Wing               Time % Phy DF OF 
 1 Bo Horvat                Evander Kane             Andre Burakovsky         60     1   2  2  
 2 Elias Pettersson         Jason Zucker             William Nylander         40     1   2  2  

PowerPlay Defense
   Defense                  Defense                                           Time % Phy DF OF 
 1 Zach Werenski            John Klingberg                                    60     1   2  2  
 2 Jon Merrill              Luke Schenn                                       40     1   2  2  

Penalty Kill 4 Players Forward 
   Center                   Wing                     Time % Phy DF OF 
 1 Bo Horvat                Evander Kane             60     1   2  2  
 2 Elias Pettersson         Jason Zucker             40     1   2  2  

Penalty Kill 4 Players Defense
   Defense                  Defense                  Time % Phy DF OF 
 1 Zach Werenski            John Klingberg           60     1   2  2  
 2 Jon Merrill              Luke Schenn              40     1   2  2  

Penalty Kill - 3 Players Forward 
   Forward                                           Time % Phy DF OF 
 1 Bo Horvat                                         60     1   2  2  
 2 Elias Pettersson                                  40     1   2  2  

Penalty Kill - 3 Players Defense
   Defense                  Defense                  Time % Phy DF OF 
 1 Zach Werenski            John Klingberg           60     1   2  2  
 2 Jon Merrill              Luke Schenn              40     1   2  2  

4 vs 4 Forward 
   Center                   Wing                     Time % Phy DF OF 
 1 Bo Horvat                Evander Kane             60     1   2  2  
 2 Elias Pettersson         Jason Zucker             40     1   2  2  

4 vs 4 Defense
   Defense                  Defense                  Time % Phy DF OF 
 1 Zach Werenski            John Klingberg           60     1   2  2  
 2 Jon Merrill              Luke Schenn              40     1   2  2  

Last Minutes Offensive
   Center                   Left Wing                Right Wing               Defense                  Defense                  
   Bo Horvat                Evander Kane             Andre Burakovsky         Zach Werenski            John Klingberg           

Last Minutes Defensive
   Center                   Left Wing                Right Wing               Defense                  Defense                  
   Bo Horvat                Evander Kane             Andre Burakovsky         Zach Werenski            John Klingberg           

Goaltenders
Starting : Kristers Gudlevskis      
Backup : Carter Hutton            

Extra Forwards
Normal : William Nylander, Brandon Saad, Elias Pettersson - PP : William Nylander, Brandon Saad - PK : William Nylander
Extra Defensemen
Normal : Luke Schenn, Haydn Fleury, Brendan Guhle - PP : Luke Schenn - PK : Luke Schenn, Haydn Fleury
Penalty Shots
Evander Kane, Bo Horvat, Andre Burakovsky, Jason Zucker, William Nylander
Custom OT Lines Forwards
Evander Kane, Bo Horvat, Andre Burakovsky, Jason Zucker, William Nylander, Brandon Saad, Elias Pettersson, Pontus Aberg, Valentin Zykov, Aleksi Saarela
Custom OT Lines Defensemen
Zach Werenski, John Klingberg, Jon Merrill, Luke Schenn, Haydn Fleury

Scratches
Elias Lindholm (Right Knee Injury)

Senateurs

5 vs 5 Forward 
   Center                   Left Wing                Right Wing               Time % Phy DF OF 
 1 Nick Bjugstad            Alex Iafallo             Michael Frolik           40     1   2  2  
 2 Adam Henrique            Jordan Martinook         Riley Sheahan            30     1   2  2  
 3 Quinton Howden           Zachary Sanford          Richard Panik            20     1   2  2  
 4 Christoph Bertschy       Tim Schaller             Anthony Beauvillier      10     1   2  2  

5 vs 5 Defense 
   Defense                  Defense                                           Time % Phy DF OF 
 1 Jake Gardiner            Jared Cowen                                       40     1   2  2  
 2 Eric Gelinas             Justin Schultz                                    30     1   2  2  
 3 Brendan Smith            Anton Lindholm                                    20     1   2  2  
 4 Jake Gardiner            Jared Cowen                                       10     1   2  2  

PowerPlay Forward 
   Center                   Left Wing                Right Wing               Time % Phy DF OF 
 1 Nick Bjugstad            Alex Iafallo             Michael Frolik           60     0   1  4  
 2 Adam Henrique            Jordan Martinook         Riley Sheahan            40     0   1  4  

PowerPlay Defense
   Defense                  Defense                                           Time % Phy DF OF 
 1 Jake Gardiner            Jared Cowen                                       60     0   1  4  
 2 Eric Gelinas             Justin Schultz                                    40     0   1  4  

Penalty Kill 4 Players Forward 
   Center                   Wing                     Time % Phy DF OF 
 1 Nick Bjugstad            Alex Iafallo             60     1   4  0  
 2 Adam Henrique            Jordan Martinook         40     1   4  0  

Penalty Kill 4 Players Defense
   Defense                  Defense                  Time % Phy DF OF 
 1 Jake Gardiner            Jared Cowen              60     1   4  0  
 2 Eric Gelinas             Justin Schultz           40     1   4  0  

Penalty Kill - 3 Players Forward 
   Forward                                           Time % Phy DF OF 
 1 Nick Bjugstad                                     60     1   4  0  
 2 Adam Henrique                                     40     1   4  0  

Penalty Kill - 3 Players Defense
   Defense                  Defense                  Time % Phy DF OF 
 1 Jake Gardiner            Jared Cowen              60     1   4  0  
 2 Eric Gelinas             Justin Schultz           40     1   4  0  

4 vs 4 Forward 
   Center                   Wing                     Time % Phy DF OF 
 1 Nick Bjugstad            Alex Iafallo             60     0   2  3  
 2 Adam Henrique            Jordan Martinook         40     1   2  2  

4 vs 4 Defense
   Defense                  Defense                  Time % Phy DF OF 
 1 Jake Gardiner            Jared Cowen              60     0   2  3  
 2 Eric Gelinas             Justin Schultz           40     1   2  2  

Last Minutes Offensive
   Center                   Left Wing                Right Wing               Defense                  Defense                  
   Nick Bjugstad            Alex Iafallo             Michael Frolik           Jake Gardiner            Jared Cowen              

Last Minutes Defensive
   Center                   Left Wing                Right Wing               Defense                  Defense                  
   Nick Bjugstad            Alex Iafallo             Michael Frolik           Jake Gardiner            Jared Cowen              

Goaltenders
Starting : Mikko Koskinen           
Backup : Martin Jones             

Extra Forwards
Normal : Alex Iafallo, Richard Panik, Jordan Martinook - PP : Alex Iafallo, Richard Panik - PK : Alex Iafallo
Extra Defensemen
Normal : Justin Schultz, Brendan Smith, Anton Lindholm - PP : Justin Schultz - PK : Justin Schultz, Brendan Smith
Penalty Shots
Adam Henrique, Nick Bjugstad, Michael Frolik, Riley Sheahan, Alex Iafallo
Custom OT Lines Forwards
Adam Henrique, Nick Bjugstad, Michael Frolik, Riley Sheahan, Alex Iafallo, Richard Panik, Jordan Martinook, Quinton Howden, Zachary Sanford, Tim Schaller
Custom OT Lines Defensemen
Jake Gardiner, Jared Cowen, Eric Gelinas, Justin Schultz, Brendan Smith

Scratches
Dennis Everberg (Healthy), Dmitry Sinitsyn (Healthy), Gustav Nyquist (Healthy), Rostislav Olesz (Healthy), Zac Leslie (Healthy)

% Time on Ice - Maple Leafs

Lines # - Real PCT - Wanted PCT - Time Play
Normal Forward
1 - 33% - 40% - 14:48
2 - 28% - 30% - 12:32
3 - 22% - 20% - 9:53
4 - 18% - 10% - 8:06
Normal Defense
1 - 38% - 40% - 17:21
2 - 33% - 30% - 15:08
3 - 26% - 20% - 11:44
4 - 2% - 10% - 1:06
PP Forward
1 - 53% - 60% - 2:32
2 - 47% - 40% - 2:14
PP Defense
1 - 62% - 60% - 2:58
2 - 38% - 40% - 1:48
PK Forward
1 - 79% - 60% - 7:49
2 - 21% - 40% - 2:06
PK Defense
1 - 59% - 60% - 5:51
2 - 41% - 40% - 4:04
PK3 Forward
1 - 0% - 60%
2 - 0% - 40%
PK3 Defense
1 - 0% - 60%
2 - 0% - 40%
44 Forward
1 - 0% - 60%
2 - 0% - 40%
44 Defense
1 - 0% - 60%
2 - 0% - 40%
Last Minute Offensive  - 0:00
Last Minute Defensive  - 0:00
Total
Forward - 60:00
Defense - 60:00

% Time on Ice - Senateurs

Lines # - Real PCT - Wanted PCT - Time Play
Normal Forward
1 - 35% - 40% - 15:44
2 - 25% - 30% - 11:25
3 - 25% - 20% - 11:29
4 - 15% - 10% - 6:41
Normal Defense
1 - 39% - 40% - 17:32
2 - 34% - 30% - 15:31
3 - 23% - 20% - 10:12
4 - 5% - 10% - 2:04
PP Forward
1 - 55% - 60% - 5:29
2 - 45% - 40% - 4:26
PP Defense
1 - 60% - 60% - 5:56
2 - 40% - 40% - 3:59
PK Forward
1 - 91% - 60% - 4:21
2 - 9% - 40% - 0:25
PK Defense
1 - 66% - 60% - 3:10
2 - 34% - 40% - 1:36
PK3 Forward
1 - 0% - 60%
2 - 0% - 40%
PK3 Defense
1 - 0% - 60%
2 - 0% - 40%
44 Forward
1 - 0% - 60%
2 - 0% - 40%
44 Defense
1 - 0% - 60%
2 - 0% - 40%
Last Minute Offensive  - 0:00
Last Minute Defensive  - 0:00
Total
Forward - 60:00
Defense - 60:00

Play-by-Play

1st period


0:01 of 1st period - Nick Bjugstad wins face-off versus Elias Pettersson in neutral zone.
0:26 of 1st period - Jason Zucker is hit by Jordan Martinook and loses puck.
1:15 of 1st period - Slapshot by Jake Gardiner.
1:15 of 1st period - Shot Blocked by Brendan Guhle.
1:35 of 1st period - Wrist shot by Jordan Martinook.
1:35 of 1st period - Stopped by Kristers Gudlevskis with a rebound.
2:01 of 1st period - Snap shot by Andre Burakovsky.
2:01 of 1st period - Stopped by Mikko Koskinen with a rebound.
2:19 of 1st period - Wrist shot by Quinton Howden.
2:19 of 1st period - Stopped by Kristers Gudlevskis without a rebound.
2:20 of 1st period - Elias Pettersson wins face-off versus Adam Henrique in Maple Leafs zone.
2:28 of 1st period - Wrist shot by Jordan Martinook.
2:28 of 1st period - Shot Blocked by Zach Werenski.
4:15 of 1st period - Wrist shot by Nick Bjugstad.
4:15 of 1st period - Stopped by Kristers Gudlevskis without a rebound.
4:16 of 1st period - Nick Bjugstad wins face-off versus Bo Horvat in Maple Leafs zone.
4:27 of 1st period - Wrist shot by Jason Zucker.
4:27 of 1st period - Shot Blocked by Justin Schultz.
4:29 of 1st period - Slapshot by Brendan Guhle.
4:29 of 1st period - Stopped by Mikko Koskinen with a rebound.
4:41 of 1st period - Haydn Fleury is hit by Justin Schultz and loses puck.
5:05 of 1st period - Justin Schultz is hit by Zach Werenski and loses puck.
5:32 of 1st period - Eric Gelinas is hit by Bo Horvat and loses puck.
5:37 of 1st period - Snap shot by Jason Zucker.
5:37 of 1st period - Shot Blocked by Eric Gelinas.
6:25 of 1st period - Wrist shot by Michael Frolik.
6:25 of 1st period - Shot Misses the Net.
6:27 of 1st period - Snap shot by Alex Iafallo.
6:27 of 1st period - Shot Misses the Net.
6:29 of 1st period - Wrist shot by Alex Iafallo.
6:29 of 1st period - Stopped by Kristers Gudlevskis with a rebound.
6:35 of 1st period - Wrist shot by Michael Frolik.
6:35 of 1st period - Shot Blocked by Bo Horvat.
6:37 of 1st period - Slapshot by Nick Bjugstad.
6:37 of 1st period - Shot Misses the Net.
6:43 of 1st period - Wrist shot by Nick Bjugstad.
6:43 of 1st period - Shot Blocked by Brendan Guhle.
6:47 of 1st period - Snap shot by Nick Bjugstad.
6:47 of 1st period - Stopped by Kristers Gudlevskis with a rebound.
6:59 of 1st period - Backhand shot by Nick Bjugstad.
6:59 of 1st period - Goal by Nick Bjugstad - Maple Leafs : 0 - Senateurs : 1.
7:00 of 1st period - Elias Pettersson wins face-off versus Adam Henrique in neutral zone.
7:03 of 1st period - Jordan Martinook is hit by Zach Werenski and loses puck.
7:10 of 1st period - John Klingberg is hit by Jake Gardiner and loses puck.
7:17 of 1st period - Slapshot by Adam Henrique.
7:17 of 1st period - Shot Misses the Net.
8:57 of 1st period - Zachary Sanford is hit by Aleksi Saarela and loses puck.
9:10 of 1st period - Andre Burakovsky is hit by Jake Gardiner.
9:14 of 1st period - Haydn Fleury is hit by Tim Schaller.
9:29 of 1st period - Riley Sheahan is hit by Valentin Zykov and loses puck.
10:20 of 1st period - Andre Burakovsky is hit by Jared Cowen and loses puck.
11:49 of 1st period - Minor Penalty to Brandon Saad for Tripping.
11:50 of 1st period - Nick Bjugstad wins face-off versus Bo Horvat in Maple Leafs zone.
11:51 of 1st period - Snap shot by Alex Iafallo.
11:51 of 1st period - Stopped by Kristers Gudlevskis with a rebound.
12:03 of 1st period - Snap shot by Michael Frolik.
12:03 of 1st period - Shot Misses the Net.
12:23 of 1st period - Snap shot by Jordan Martinook.
12:23 of 1st period - Shot Misses the Net.
13:49 of 1st period - Penalty to Brandon Saad is over, Brandon Saad is back on ice.
14:04 of 1st period - Brandon Saad is hit by Quinton Howden and loses puck.
14:23 of 1st period - Wrist shot by Valentin Zykov.
14:23 of 1st period - Shot Blocked by Anton Lindholm.
14:25 of 1st period - Slapshot by Nicholas Baptiste.
14:25 of 1st period - Stopped by Mikko Koskinen without a rebound.
14:26 of 1st period - Patrice Cormier wins face-off versus Christoph Bertschy in Senateurs zone.
15:23 of 1st period - Snap shot by Elias Pettersson.
15:23 of 1st period - Shot Misses the Net.
15:25 of 1st period - Wrist shot by Elias Pettersson.
15:25 of 1st period - Shot Misses the Net.
15:27 of 1st period - Snap shot by Evander Kane.
15:27 of 1st period - Stopped by Mikko Koskinen with a rebound.
15:29 of 1st period - Snap shot by Andre Burakovsky.
15:29 of 1st period - Stopped by Mikko Koskinen with a rebound.
15:31 of 1st period - Slapshot by Elias Pettersson.
15:31 of 1st period - Shot Misses the Net.
15:33 of 1st period - Slapshot by Jon Merrill.
15:33 of 1st period - Shot Misses the Net.
16:12 of 1st period - Snap shot by Tim Schaller.
16:12 of 1st period - Deflect By Anthony Beauvillier.
16:12 of 1st period - Deflect By Zach Werenski.
16:12 of 1st period - Shot Blocked by John Klingberg.
16:12 of 1st period - Puck is out of play.
16:13 of 1st period - Elias Pettersson wins face-off versus Christoph Bertschy in Maple Leafs zone.
16:22 of 1st period - Icing by Jake Gardiner.
16:23 of 1st period - Elias Pettersson wins face-off versus Christoph Bertschy in Senateurs zone.
16:28 of 1st period - Wrist shot by Elias Pettersson.
16:28 of 1st period - Shot Blocked by Christoph Bertschy.
16:30 of 1st period - Snap shot by Andre Burakovsky.
16:30 of 1st period - Goal by Andre Burakovsky - Maple Leafs : 1 - Senateurs : 1.
16:31 of 1st period - Elias Pettersson wins face-off versus Nick Bjugstad in neutral zone.
17:29 of 1st period - Slapshot by Jake Gardiner.
17:29 of 1st period - Shot Blocked by Jason Zucker.
17:31 of 1st period - Snap shot by Zachary Sanford.
17:31 of 1st period - Deflect By Pontus Aberg.
17:31 of 1st period - Shot Blocked by Jason Zucker.
17:31 of 1st period - Puck is out of play.
17:32 of 1st period - Nick Bjugstad wins face-off versus Elias Pettersson in Maple Leafs zone.
17:33 of 1st period - Snap shot by Michael Frolik.
17:33 of 1st period - Stopped by Kristers Gudlevskis without a rebound.
17:34 of 1st period - Elias Pettersson wins face-off versus Nick Bjugstad in Maple Leafs zone.
17:39 of 1st period - Michael Frolik is hit by Zach Werenski and loses puck.
17:44 of 1st period - Snap shot by Elias Pettersson.
17:44 of 1st period - Shot Blocked by Brendan Smith.
17:46 of 1st period - Wrist shot by Andre Burakovsky.
17:46 of 1st period - Stopped by Mikko Koskinen with a rebound.
17:48 of 1st period - Slapshot by Zach Werenski.
17:48 of 1st period - Shot Misses the Net.
18:25 of 1st period - Slapshot by Anton Lindholm.
18:25 of 1st period - Shot Blocked by Luke Schenn.
18:54 of 1st period - Wrist shot by Alex Iafallo.
18:54 of 1st period - Stopped by Kristers Gudlevskis without a rebound.
18:55 of 1st period - Nick Bjugstad wins face-off versus Elias Pettersson in Maple Leafs zone.
18:56 of 1st period - Slapshot by Alex Iafallo.
18:56 of 1st period - Shot Misses the Net.
18:58 of 1st period - Slapshot by Jared Cowen.
18:58 of 1st period - Stopped by Kristers Gudlevskis with a rebound.
19:10 of 1st period - Snap shot by Michael Frolik.
19:10 of 1st period - Stopped by Kristers Gudlevskis without a rebound.
19:11 of 1st period - Jordan Martinook wins face-off versus Elias Pettersson in Maple Leafs zone.
Goals for this period are 1 for Maple Leafs vs 1 for Senateurs.
Shots for this period are 7 for Maple Leafs vs 11 for Senateurs.

2nd period


0:01 of 2nd period - Nick Bjugstad wins face-off versus Elias Pettersson in neutral zone.
0:28 of 2nd period - Slapshot by Zach Werenski.
0:28 of 2nd period - Stopped by Mikko Koskinen without a rebound.
0:29 of 2nd period - Adam Henrique wins face-off versus Aleksi Saarela in Senateurs zone.
0:38 of 2nd period - Snap shot by Adam Henrique.
0:38 of 2nd period - Stopped by Kristers Gudlevskis without a rebound.
0:39 of 2nd period - Nick Bjugstad wins face-off versus Evander Kane in Maple Leafs zone.
0:46 of 2nd period - Wrist shot by Nick Bjugstad.
0:46 of 2nd period - Shot Blocked by Elias Pettersson.
0:54 of 2nd period - Wrist shot by Alex Iafallo.
0:54 of 2nd period - Stopped by Kristers Gudlevskis with a rebound.
1:37 of 2nd period - Quinton Howden is hit by Brandon Saad and loses puck.
2:20 of 2nd period - Snap shot by Nicholas Baptiste.
2:20 of 2nd period - Shot Misses the Net.
3:00 of 2nd period - Wrist shot by Aleksi Saarela.
3:00 of 2nd period - Stopped by Mikko Koskinen with a rebound.
3:02 of 2nd period - Slapshot by John Klingberg.
3:02 of 2nd period - Shot Blocked by Richard Panik.
3:04 of 2nd period - Snap shot by Brandon Saad.
3:04 of 2nd period - Stopped by Mikko Koskinen without a rebound.
3:05 of 2nd period - Quinton Howden wins face-off versus Elias Pettersson in Senateurs zone.
3:12 of 2nd period - Snap shot by Evander Kane.
3:12 of 2nd period - Goal by Evander Kane - Maple Leafs : 2 - Senateurs : 1.
3:13 of 2nd period - Nick Bjugstad wins face-off versus Elias Pettersson in neutral zone.
3:24 of 2nd period - John Klingberg is hit by Michael Frolik and loses puck.
3:39 of 2nd period - Justin Schultz is hit by Bo Horvat and loses puck.
4:30 of 2nd period - Wrist shot by Nicholas Baptiste.
4:30 of 2nd period - Shot Misses the Net.
5:05 of 2nd period - Snap shot by Nick Bjugstad.
5:05 of 2nd period - Deflect By Alex Iafallo.
5:05 of 2nd period - Shot Blocked by Bo Horvat.
5:05 of 2nd period - Puck is out of play.
5:06 of 2nd period - Adam Henrique wins face-off versus Bo Horvat in Maple Leafs zone.
5:07 of 2nd period - Wrist shot by Riley Sheahan.
5:07 of 2nd period - Deflect By Adam Henrique.
5:07 of 2nd period - Stopped by Kristers Gudlevskis without a rebound.
5:08 of 2nd period - Adam Henrique wins face-off versus Bo Horvat in Maple Leafs zone.
5:09 of 2nd period - Slapshot by Jordan Martinook.
5:09 of 2nd period - Stopped by Kristers Gudlevskis without a rebound.
5:10 of 2nd period - Bo Horvat wins face-off versus Adam Henrique in Maple Leafs zone.
5:12 of 2nd period - Minor Penalty to Brendan Guhle for Hooking.
5:13 of 2nd period - Evander Kane wins face-off versus Nick Bjugstad in Maple Leafs zone.
5:23 of 2nd period - Jared Cowen is hit by Zach Werenski and loses puck.
5:30 of 2nd period - Slapshot by Evander Kane.
5:30 of 2nd period - Stopped by Mikko Koskinen with a rebound.
5:40 of 2nd period - Nick Bjugstad is hit by Evander Kane and loses puck.
6:10 of 2nd period - Off-side.
6:11 of 2nd period - Riley Sheahan wins face-off versus Elias Pettersson in neutral zone.
6:54 of 2nd period - Evander Kane is hit by Justin Schultz and loses puck.
7:12 of 2nd period - Penalty to Brendan Guhle is over, Brendan Guhle is back on ice.
7:23 of 2nd period - Jason Zucker is hit by Tim Schaller and loses puck.
7:34 of 2nd period - Wrist shot by Jason Zucker.
7:34 of 2nd period - Shot Misses the Net.
7:37 of 2nd period - Icing by Zachary Sanford.
7:38 of 2nd period - Quinton Howden wins face-off versus Aleksi Saarela in Senateurs zone.
7:56 of 2nd period - Jon Merrill is hit by Anton Lindholm and loses puck.
7:59 of 2nd period - Slapshot by Jon Merrill.
7:59 of 2nd period - Deflect By Nicholas Baptiste.
7:59 of 2nd period - Shot Misses the Net.
7:59 of 2nd period - Puck is out of play.
8:00 of 2nd period - Patrice Cormier wins face-off versus Christoph Bertschy in Senateurs zone.
8:09 of 2nd period - Slapshot by Zach Werenski.
8:09 of 2nd period - Shot Misses the Net.
8:13 of 2nd period - Slapshot by Nicholas Baptiste.
8:13 of 2nd period - Shot Hit the Post.
8:21 of 2nd period - Minor Penalty to Anthony Beauvillier for Interference.
8:22 of 2nd period - Nick Bjugstad wins face-off versus Bo Horvat in Senateurs zone.
8:35 of 2nd period - Jake Gardiner is hit by Zach Werenski and loses puck.
10:21 of 2nd period - Penalty to Anthony Beauvillier is over, Anthony Beauvillier is back on ice.
10:32 of 2nd period - Snap shot by Tim Schaller.
10:32 of 2nd period - Stopped by Kristers Gudlevskis without a rebound.
10:33 of 2nd period - Patrice Cormier wins face-off versus Quinton Howden in Maple Leafs zone.
11:02 of 2nd period - Slapshot by Christoph Bertschy.
11:02 of 2nd period - Shot Blocked by John Klingberg.
11:08 of 2nd period - Slapshot by John Klingberg.
11:08 of 2nd period - Shot Blocked by Christoph Bertschy.
11:20 of 2nd period - Slapshot by Elias Pettersson.
11:20 of 2nd period - Stopped by Mikko Koskinen with a rebound.
11:22 of 2nd period - Slapshot by Luke Schenn.
11:22 of 2nd period - Stopped by Mikko Koskinen without a rebound.
11:23 of 2nd period - Elias Pettersson wins face-off versus Nick Bjugstad in Senateurs zone.
11:28 of 2nd period - Wrist shot by Andre Burakovsky.
11:28 of 2nd period - Shot Misses the Net.
11:35 of 2nd period - Minor Penalty to Nick Bjugstad for Slashing.
11:36 of 2nd period - Adam Henrique wins face-off versus Bo Horvat in Senateurs zone.
12:12 of 2nd period - Snap shot by William Nylander.
12:12 of 2nd period - Stopped by Mikko Koskinen with a rebound.
12:14 of 2nd period - Slapshot by William Nylander.
12:14 of 2nd period - Shot Misses the Net.
12:16 of 2nd period - Snap shot by Jon Merrill.
12:16 of 2nd period - Shot Misses the Net.
12:18 of 2nd period - Snap shot by Jason Zucker.
12:18 of 2nd period - Shot Blocked by Jared Cowen.
13:35 of 2nd period - Penalty to Nick Bjugstad is over, Nick Bjugstad is back on ice.
13:35 of 2nd period - Justin Schultz is hit by Jason Zucker and loses puck.
13:53 of 2nd period - Quinton Howden is hit by Nicholas Baptiste and loses puck.
14:08 of 2nd period - Slapshot by Andre Burakovsky.
14:08 of 2nd period - Shot Misses the Net.
14:15 of 2nd period - Icing by Richard Panik.
14:16 of 2nd period - Patrice Cormier wins face-off versus Quinton Howden in Senateurs zone.
14:39 of 2nd period - Snap shot by Alex Iafallo.
14:39 of 2nd period - Stopped by Kristers Gudlevskis without a rebound.
14:40 of 2nd period - Elias Pettersson wins face-off versus Nick Bjugstad in Maple Leafs zone.
15:23 of 2nd period - Minor Penalty to Evander Kane for High sticking.
15:24 of 2nd period - Bo Horvat wins face-off versus Adam Henrique in Maple Leafs zone.
15:46 of 2nd period - Luke Schenn is hit by Jake Gardiner and loses puck.
17:05 of 2nd period - Icing by Michael Frolik.
17:06 of 2nd period - Elias Pettersson wins face-off versus Nick Bjugstad in Senateurs zone.
17:23 of 2nd period - Penalty to Evander Kane is over, Evander Kane is back on ice.
17:27 of 2nd period - Luke Schenn is hit by Nick Bjugstad and loses puck.
17:44 of 2nd period - Snap shot by Jake Gardiner.
17:44 of 2nd period - Shot Misses the Net.
17:46 of 2nd period - Snap shot by Quinton Howden.
17:46 of 2nd period - Stopped by Kristers Gudlevskis without a rebound.
17:47 of 2nd period - Elias Pettersson wins face-off versus Adam Henrique in Maple Leafs zone.
17:54 of 2nd period - Slapshot by Evander Kane.
17:54 of 2nd period - Stopped by Mikko Koskinen with a rebound.
17:56 of 2nd period - Slapshot by Evander Kane.
17:56 of 2nd period - Stopped by Mikko Koskinen with a rebound.
18:06 of 2nd period - Minor Penalty to Eric Gelinas for High sticking.
18:07 of 2nd period - Andre Burakovsky wins face-off versus Nick Bjugstad in Senateurs zone.
18:14 of 2nd period - Snap shot by Andre Burakovsky.
18:14 of 2nd period - Shot Misses the Net.
18:16 of 2nd period - Slapshot by Andre Burakovsky.
18:16 of 2nd period - Stopped by Mikko Koskinen without a rebound.
18:17 of 2nd period - Bo Horvat wins face-off versus Nick Bjugstad in Senateurs zone.
18:54 of 2nd period - Slapshot by Zach Werenski.
18:54 of 2nd period - Deflect By Alex Iafallo.
18:54 of 2nd period - Goal by Zach Werenski - Maple Leafs : 3 - Senateurs : 1.
18:55 of 2nd period - Adam Henrique wins face-off versus Elias Pettersson in neutral zone.
19:37 of 2nd period - Alex Iafallo is hit by Bo Horvat.
19:49 of 2nd period - Luke Schenn is hit by Richard Panik and loses puck.
Goals for this period are 2 for Maple Leafs vs 0 for Senateurs.
Shots for this period are 12 for Maple Leafs vs 7 for Senateurs.

3rd period


0:01 of 3rd period - Elias Pettersson wins face-off versus Nick Bjugstad in neutral zone.
0:48 of 3rd period - Off-side.
0:49 of 3rd period - Aleksi Saarela wins face-off versus Quinton Howden in neutral zone.
1:14 of 3rd period - Michael Frolik is hit by Elias Pettersson and loses puck.
2:19 of 3rd period - Backhand shot by Jared Cowen.
2:19 of 3rd period - Shot Blocked by Aleksi Saarela.
4:02 of 3rd period - Off-side.
4:03 of 3rd period - Elias Pettersson wins face-off versus Nick Bjugstad in neutral zone.
4:08 of 3rd period - Brendan Smith is hit by Evander Kane and loses puck.
4:55 of 3rd period - Wrist shot by William Nylander.
4:55 of 3rd period - Deflect By Aleksi Saarela.
4:55 of 3rd period - Shot Misses the Net.
4:55 of 3rd period - Puck is out of play.
4:56 of 3rd period - Elias Pettersson wins face-off versus Nick Bjugstad in Senateurs zone.
5:53 of 3rd period - Wrist shot by Richard Panik.
5:53 of 3rd period - Stopped by Kristers Gudlevskis with a rebound.
6:32 of 3rd period - Wrist shot by Christoph Bertschy.
6:32 of 3rd period - Stopped by Kristers Gudlevskis with a rebound.
6:34 of 3rd period - Snap shot by Brendan Smith.
6:34 of 3rd period - Stopped by Kristers Gudlevskis without a rebound.
6:35 of 3rd period - Adam Henrique wins face-off versus Bo Horvat in Maple Leafs zone.
6:57 of 3rd period - Minor Penalty to Pontus Aberg for Roughing.
6:58 of 3rd period - Bo Horvat wins face-off versus Nick Bjugstad in Maple Leafs zone.
7:20 of 3rd period - Bo Horvat is hit by Alex Iafallo and loses puck.
8:31 of 3rd period - Adam Henrique is hit by Zach Werenski and loses puck.
8:57 of 3rd period - Penalty to Pontus Aberg is over, Pontus Aberg is back on ice.
9:13 of 3rd period - Snap shot by Nicholas Baptiste.
9:13 of 3rd period - Stopped by Mikko Koskinen without a rebound.
9:14 of 3rd period - Elias Pettersson wins face-off versus Quinton Howden in Senateurs zone.
9:45 of 3rd period - Wrist shot by Quinton Howden.
9:45 of 3rd period - Stopped by Kristers Gudlevskis with a rebound.
9:47 of 3rd period - Snap shot by Anton Lindholm.
9:47 of 3rd period - Stopped by Kristers Gudlevskis without a rebound.
9:48 of 3rd period - Nick Bjugstad wins face-off versus Bo Horvat in Maple Leafs zone.
10:15 of 3rd period - Jordan Martinook is hit by Aleksi Saarela and loses puck.
10:22 of 3rd period - Snap shot by William Nylander.
10:22 of 3rd period - Stopped by Mikko Koskinen without a rebound.
10:23 of 3rd period - Nick Bjugstad wins face-off versus Elias Pettersson in Senateurs zone.
10:36 of 3rd period - Snap shot by Elias Pettersson.
10:36 of 3rd period - Shot Blocked by Jared Cowen.
11:19 of 3rd period - Icing by Eric Gelinas.
11:20 of 3rd period - Quinton Howden wins face-off versus Elias Pettersson in Senateurs zone.
13:28 of 3rd period - Snap shot by Riley Sheahan.
13:28 of 3rd period - Shot Blocked by William Nylander.
13:30 of 3rd period - Snap shot by Riley Sheahan.
13:30 of 3rd period - Stopped by Kristers Gudlevskis with a rebound.
13:32 of 3rd period - Slapshot by Adam Henrique.
13:32 of 3rd period - Stopped by Kristers Gudlevskis with a rebound.
13:59 of 3rd period - Slapshot by Eric Gelinas.
13:59 of 3rd period - Stopped by Kristers Gudlevskis without a rebound.
14:00 of 3rd period - Patrice Cormier wins face-off versus Christoph Bertschy in Maple Leafs zone.
14:32 of 3rd period - Slapshot by Elias Pettersson.
14:32 of 3rd period - Shot Misses the Net.
14:34 of 3rd period - Snap shot by Andre Burakovsky.
14:34 of 3rd period - Stopped by Mikko Koskinen with a rebound.
14:36 of 3rd period - Snap shot by Andre Burakovsky.
14:36 of 3rd period - Shot Blocked by Nick Bjugstad.
15:13 of 3rd period - Brendan Guhle is hit by Zachary Sanford and loses puck.
15:22 of 3rd period - Zachary Sanford is hit by Brandon Saad and loses puck.
15:38 of 3rd period - Nick Bjugstad is hit by Andre Burakovsky and loses puck.
15:59 of 3rd period - Snap shot by Jordan Martinook.
15:59 of 3rd period - Shot Misses the Net.
16:05 of 3rd period - Minor Penalty to Luke Schenn for Delaying the game.
16:06 of 3rd period - Bo Horvat wins face-off versus Nick Bjugstad in Maple Leafs zone.
16:15 of 3rd period - Evander Kane is hit by Nick Bjugstad and loses puck.
18:05 of 3rd period - Penalty to Luke Schenn is over, Luke Schenn is back on ice.
18:19 of 3rd period - Slapshot by Richard Panik.
18:19 of 3rd period - Stopped by Kristers Gudlevskis without a rebound.
18:20 of 3rd period - Aleksi Saarela wins face-off versus Adam Henrique in Maple Leafs zone.
18:26 of 3rd period - Backhand shot by William Nylander.
18:26 of 3rd period - Stopped by Mikko Koskinen without a rebound.
18:27 of 3rd period - Aleksi Saarela wins face-off versus Quinton Howden in Senateurs zone.
18:28 of 3rd period - Wrist shot by Zach Werenski.
18:28 of 3rd period - Deflect By Brandon Saad.
18:28 of 3rd period - Goal by Brandon Saad - Maple Leafs : 4 - Senateurs : 1.
18:29 of 3rd period - Nick Bjugstad wins face-off versus Elias Pettersson in neutral zone.
19:29 of 3rd period - Snap shot by Brandon Saad.
19:29 of 3rd period - Shot Misses the Net.
Goals for this period are 1 for Maple Leafs vs 0 for Senateurs.
Shots for this period are 5 for Maple Leafs vs 9 for Senateurs.